 Dungeon Crawl Stone Soup version 0.17.1-2-g5865329 (webtiles) character file.

114 Jerry the Conjurer (level 4, -3/31 HPs)
             Began as an Octopode Wizard on Feb 10, 2016.
             Slain by an orc wizard
             ... wielding a cursed +0 dagger
              (4 damage)
             ... on level 2 of the Dungeon.
             The game lasted 00:10:06 (1973 turns).

Jerry the Conjurer (Octopode Wizard)                Turns: 1973, Time: 00:10:06

Health: -3/31      AC:  1    Str:  7    XL:     4   Next: 97%
Magic:  8/8        EV: 12    Int: 20    God:
Gold:   133        SH:  0    Dex: 10    Spells: 2 memorised, 5 levels left

rFire  x . .     SeeInvis .     s - +0 mace
rCold  + . .     Clarity  .     (no shield)
rNeg   . . .     SustAt   .     a - +0 hat
rPois  .         Gourm    .     (no amulet)
rElec  .         Spirit   .     d - +6 ring of slaying
rCorr  .         Warding  .     A - ring of ice
rMut   .         Stasis   .     (no ring)
MR     .....                    (no ring)
Stlth  +++.......               (no ring)
                                (no ring)
                                (no ring)
                                (no ring)

@: not resistant to hostile enchantments, fairly stealthy
A: almost no armour, amphibious, 8 rings, constrict 8, camouflage 1, gelatinous
body 1
a: no special abilities


You were on level 2 of the Dungeon.
You were not hungry.

You visited 1 branch of the dungeon, and saw 3 of its levels.

You collected 133 gold pieces.

Inventory:

Hand Weapons
 g - a +0 club
 n - a +0 dagger
 s - a +0 mace (weapon)
 y - a -2 dagger
Armour
 a - a +0 hat (worn)
 x - a +0 shield
Jewellery
 d - a +6 ring of slaying (left tentacle)
 A - a ring of ice (right tentacle)
Scrolls
 e - 3 scrolls of identify
 f - 2 scrolls of remove curse
 i - 2 scrolls of fog {unknown}
 k - a scroll of enchant weapon {unknown}
 l - a scroll of fear {unknown}
 p - 2 scrolls of enchant armour {unknown}
 r - a scroll of noise {unknown}
 u - 2 scrolls of magic mapping {unknown}
 v - a scroll of random uselessness {unknown}
 w - a scroll of teleportation {unknown}
Potions
 h - 3 potions of might
 j - a potion of lignification {unknown}
 o - a potion of curing {unknown}
 q - a potion of haste {unknown}
 t - 2 potions of brilliance {unknown}
 B - a potion of cancellation {unknown}
Books
 b - a book of Minor Magic

   Spells                             Type                      Level
   a - Magic Dart                     Conjuration                  1
   b - Blink                          Translocation                2
   c - Call Imp                       Summoning                    2
   d - Repel Missiles                 Charms/Air                   2
   e - Slow                           Hexes                        2
   f - Conjure Flame                  Conjuration/Fire             3
   g - Mephitic Cloud                 Conjuration/Poison/Air       3
Comestibles
 c - 3 bread rations
 m - 2 meat rations


   Skills:
 - Level 3.0 Fighting
 - Level 2.0 Dodging
 - Level 2.6 Stealth
 - Level 3.0 Spellcasting
 - Level 3.1 Conjurations
   Level 1.0 Summonings
   Level 1.0 Translocations
 + Level 0.2 Air Magic
 + Level 0.5 Poison Magic


You had 5 spell levels left.
You knew the following spells:

 Your Spells              Type           Power        Failure   Level  Hunger
a - Magic Dart            Conj           ###.         4%          1    None
b - Mephitic Cloud        Conj/Pois/Air  #.......     24%         3    ###....


Dungeon Overview and Level Annotations

Branches:
Dungeon (3/15)

Altars:
Fedhas
Ru


Innate Abilities, Weirdness & Mutations

You cannot wear most types of armour.
You are amphibious.
You can wear up to eight rings at the same time.
You can use your tentacles to constrict eight enemies at once.
Your skin changes colour to match your surroundings (Stealth).
Your rubbery body absorbs attacks (AC +1).


Message History

You hear some strange, mumbled words.
Something tries to affect you, but you resist.
You bump into the rock wall.
You're too confused to move!
An orc wizard appears from thin air!
Reactivating autopickup.
The orc wizard hits you with a dagger.
* * * LOW HITPOINT WARNING * * *
The orc wizard hits you with a dagger.
* * * LOW HITPOINT WARNING * * *
You feel less confused. The orc wizard barely misses you.
You barely miss the orc wizard. Your grab misses the orc wizard.
The orc wizard gestures at you while chanting.
The magic dart hits you!
* * * LOW HITPOINT WARNING * * *
You hit the orc wizard. Your grab misses the orc wizard.
The orc wizard is heavily wounded.
The orc wizard gestures at you while chanting.
You resist with some effort. The orc wizard hits you with a dagger.
You die...

..........###.#.##
..#......###..#..##
###.......#..###..#
.....^......## ##.#
.........#..### #.#
##.......#....###.#
.........#.....##.#
###......#.....##.#
# ##.........)..@.#
# ##.#.......##.o# #
##.####........##
####..# #....#...>#
.....## #....#...##
....#########..#..#
.........>...#.#.##
.............#....##
.............##....#


You could see an orc wizard.

Vanquished Creatures
  An orc wizard (D:3)
  An adder (D:2)
  A worm (D:3)
  2 giant geckos
  5 orcs (D:3)
  A ball python (D:2)
  5 bats
  5 goblins
  3 hobgoblins
  5 kobolds
  A quokka (D:2)
  3 giant newts
  6 rats
  2 fungi (D:3)
41 creatures vanquished.

Vanquished Creatures (others)
  An orc wizard (D:3)
1 creature vanquished.

Grand Total: 42 creatures vanquished

Notes
Turn   | Place    | Note
--------------------------------------------------------------
     0 | D:1      | Jerry the Octopode Wizard began the quest for the Orb.
     0 | D:1      | Reached XP level 1. HP: 11/11 MP: 4/4
   230 | D:1      | Reached skill level 1 in Fighting
   230 | D:1      | Reached XP level 2. HP: 12/18 MP: 6/6
  1052 | D:2      | Found a sacrificial altar of Ru.
  1087 | D:2      | Reached XP level 3. HP: 19/23 MP: 3/7
  1692 | D:3      | Reached XP level 4. HP: 27/30 MP: 8/8
  1733 | D:3      | Learned a level 3 spell: Mephitic Cloud
  1901 | D:3      | Found a blossoming altar of Fedhas.
  1972 | D:2      | HP: 1/31 [orc wizard/magic dart (5)]
  1973 | D:2      | Slain by an orc wizard

Action                   |  1- 3 |  4- 6 || total
-------------------------+-------+-------++-------
Melee: Club              |    12 |       ||    12
       Dagger            |    16 |     8 ||    24
       Mace              |       |    18 ||    18
 Cast: Magic Dart        |    35 |     4 ||    39
  Use: Scroll            |       |     2 ||     2
 Stab: Distracted        |     1 |       ||     1
  Eat: Chunk             |     2 |     1 ||     3
